 Dungeon Crawl Stone Soup version 0.31.0-9-g3a7656b989 (webtiles) character file.

Game seed: 53305646513058427

3409 qw the Markself (level 9, -8/52 HPs)
             Began as a Deep Elf Hunter on Feb 2, 2024.
             Was a Believer of Okawaru.
             Mangled by an ice beast (12 damage)
             ... on level 8 of the Dungeon.
             The game lasted 00:00:34 (7119 turns).

qw the Markself (Deep Elf Hunter)                   Turns: 7119, Time: 00:00:35

Health: -8/52      AC: 16    Str: 12    XL:     9   Next: 75%
Magic:  14/14      EV: 16    Int: 15    God:    Okawaru [**....]
Gold:   153        SH:  0    Dex: 18    Spells: 8/8 levels left

rFire   . . .        c - +2 orcbow
rCold   . . .        (shield currently unavailable)
rNeg    . . .        f - +0 ring mail
rPois   .            g - +1 helmet
rElec   .            (no cloak)
rCorr   .            b - +1 pair of gloves
SInv    +            d - +0 pair of boots
Will    .....        (no amulet)
Stlth   +++          u - ring of see invisible
HPRegen 0.28/turn    a - +4 ring of protection
MPRegen 0.14/turn

%: no passive effects
@: heroic
A: no striking features
a: Renounce Religion, Heroism


You were on level 8 of the Dungeon.
You worshipped Okawaru.
Okawaru was pleased with you.
You visited 2 branches of the dungeon, and saw 9 of its levels.
You also visited: Ossuary.

You collected 374 gold pieces.
You spent 221 gold pieces at shops.


   Skills:
 - Level 4.1(9.1) Fighting
 + Level 15.5(20.5) Ranged Weapons
 - Level 2.1(7.1) Armour
 - Level 5.2(10.2) Dodging
 - Level 1.2(6.2) Stealth
 - Level 4.0 Invocations


You had 8 spell levels left.
You didn't know any spells.
Your spell library was empty.

Inventory:

Hand Weapons
 c - a +2 orcbow (weapon)
Armour
 b - a +1 pair of gloves (worn)
 d - a +0 pair of boots (worn)
 f - a +0 ring mail (worn)
 g - a +1 helmet (worn)
Jewellery
 a - a +4 ring of protection (right hand)
 u - a ring of see invisible (left hand)
 Y - a +6 ring of strength
Wands
 i - a wand of charming (8)
 r - a wand of polymorph (4)
Scrolls
 j - 3 scrolls of identify
Potions
 e - 2 potions of mutation
 l - 2 potions of curing
 n - a potion of cancellation
 o - 3 potions of might
 q - 2 potions of heal wounds
 t - a potion of resistance

Dungeon Overview and Level Annotations

Branches:
Dungeon (8/15)             Temple (1/1) D:5         Ossuary (visited)
   Lair: D:8-11

Altars:
Ashenzari
Cheibriados
Dithmenos
Elyvilon
Fedhas
Gozag
Hepliaklqana
Kikubaaqudgha
Makhleb
Okawaru
Qazlal
Sif Muna
Trog
Uskayaw
Vehumet
Wu Jian
Xom
Zin
The Shining One

Shops:
D:1 *   D:4 !!:(?   D:7 ?


Message History

The orc shouts!
The arrow hits the centaur.
The centaur is lightly wounded.
The centaur misses you. The centaur barely misses you.
You shoot an arrow. The arrow hits the centaur!
The centaur is almost dead.
The centaur completely misses you.
The centaur kicks you but does no damage.
The yak closely misses you.
7115 ||| RETREEEEATING.
An orc wizard and an orc come into view.
The orc wizard shouts!
The orc shouts!
The centaur misses you.
The centaur kicks you but does no damage.
The yak attacks as it pursues you! The yak misses you.
The orc wizard moves out of view.
The orc moves out of view.
7116 ||| RETREEEEATING.
The centaur wields a +0 orcbow.
The centaur shoots an arrow.
The arrow closely misses you. The yak gores you but does no damage.
The steam dragon attacks as it pursues you!
The steam dragon misses you. The steam dragon claws you.
You shoot an arrow. The arrow hits the centaur!
You kill the centaur!
Okawaru accepts your kill. The yak barely misses you.
The steam dragon bites you!
The steam dragon claws you but does no damage.
You shoot an arrow.
The arrow closely misses the steam dragon.
The arrow hits the yak!
The yak is heavily wounded.
The yak gores you.
A wight comes into view. It is wielding a +0 mace.
You shoot an arrow. The arrow hits the two-headed ogre.
The two-headed ogre is lightly wounded.
The wight hits you but does no damage. The two-headed ogre closely misses you.
The two-headed ogre hits you with a +0 giant club!
The orc wizard gestures wildly while chanting.
The orc wizard flickers and vanishes for a moment.
The ice beast hits you. The ice beast freezes you!
You die...

...........!#
...z........#
........"...#
..>...../.#
.o.......#
#z......# #
#Y)D....#
#..o##@YY<...#
....ooOYY.....#
.....o.oY.....#
...$........?.#
.^?...........#
##...##########
####


You could see a two-headed ogre, 5 yaks, a steam dragon, an ice beast, 2 wights,
an orc wizard (invisible) and 4 orcs.

Vanquished Creatures
  Grinder (D:3)
  2 steam dragons (D:7)
  A water moccasin (D:6)
  A black bear (D:6)
  An ice beast (D:5)
  2 ogres
  A centaur (D:8)
  A phantom (D:7)
  2 kobold brigands (D:6)
  3 bullfrogs
  14 scorpions
  2 bombardier beetles
  A centaur zombie (Ossuary)
  7 human zombies (Ossuary)
  2 jellies
  4 hounds
  A gnoll bouda (D:7)
  2 iguanas (D:5)
  2 scorpion zombies (Ossuary)
  2 sleepcaps
  Ijyb (D:3)
  3 orc wizards
  3 mummies (Ossuary)
  16 gnolls
  10 adders
  A shadow imp (D:6)
  2 white imps (D:6)
  An adder zombie (Ossuary)
  2 ribbon worms
  2 dart slugs (D:2)
  11 orcs
  6 endoplasms
  6 giant cockroaches
  4 gnoll zombies (Ossuary)
  7 goblins
  8 hobgoblins
  15 kobolds
  4 quokkas
  9 ball pythons
  2 ball python zombies (Ossuary)
  3 bats
  6 frilled lizards
  2 orc zombies (Ossuary)
  6 rats
182 creatures vanquished.

Notes
Turn   | Place    | Note
-------+----------+-------------------------------------------
     0 | D:1      | qw the Deep Elf Hunter began the quest for the Orb.
     0 | D:1      | Reached XP level 1. HP: 12/12 MP: 3/3
     0 | D:1      | 0 ||| qw: Version: 0.3-a-155-g5e7d8dd
     0 | D:1      | 0 ||| qw: Game counter: 1743
     0 | D:1      | 0 ||| qw: Melee chars always use a shield: true
     0 | D:1      | 0 ||| qw: God list: Okawaru
     0 | D:1      | 0 ||| qw: Allow faded altars: false
     0 | D:1      | 0 ||| qw: Do Orc after clearing Dungeon:15 true
     0 | D:1      | 0 ||| qw: Do second Lair branch before Depths: true
     0 | D:1      | 0 ||| qw: Lair rune preference: random
     0 | D:1      | 0 ||| qw: Goals: Normal
     0 | D:1      | 0 ||| PLANNING D:1-11
   178 | D:1      | Found Ykeuss's Assorted Antiques.
   188 | D:1      | 188 ||| SHOPLISTING cloak (117 gold, have 5).
   188 | D:1      | 188 ||| SHOPLISTING encrusted onyx ring (130 gold, have 5).
   188 | D:1      | 188 ||| SHOPLISTING scroll labelled XAKEED UKUHE (26 gold,
                  | have 5).
   188 | D:1      | 188 ||| SHOPLISTING shiny peridot ring (130 gold, have 5).
   200 | D:1      | Reached skill level 6 in Ranged Weapons
   200 | D:1      | Reached XP level 2. HP: 16/16 MP: 4/4
   746 | D:1      | 746 ||| UPGRADING to +0 pair of boots.
   751 | D:1      | 751 ||| READING scroll labelled XAKEED UKUHE.
   751 | D:1      | 751 ||| IDENTIFYING inky potion
   752 | D:1      | 752 ||| READING scroll labelled TACUIH HADA.
   757 | D:1      | 757 ||| DROPPING scroll of butterflies.
   806 | D:2      | 806 ||| RETREEEEATING.
   808 | D:2      | Reached XP level 3. HP: 20/20 MP: 5/5
   976 | D:2      | Reached skill level 7 in Ranged Weapons
  1153 | D:2      | Reached XP level 4. HP: 25/25 MP: 6/6
  1560 | D:2      | Reached skill level 8 in Ranged Weapons
  1570 | D:2      | 1570 ||| READING scroll of identify.
  1570 | D:2      | 1570 ||| IDENTIFYING amethyst potion
  1571 | D:2      | 1571 ||| READING scroll labelled ELOAHAI LUNNAOS.
  1571 | D:2      | 1571 ||| ENCHANTING +0 shortbow.
  1572 | D:2      | 1572 ||| READING scroll labelled INTERO TOUSCHO.
  1573 | D:2      | 1573 ||| READING scroll labelled SEGRIMN BOSKIB.
  1574 | D:2      | 1574 ||| READING scroll labelled HASIXZ MUNINYK.
  1815 | D:3      | Noticed Grinder
  1816 | D:3      | Noticed Ijyb
  1817 | D:3      | Paralysed by Grinder for 3 turns
  1821 | D:3      | 1821 ||| DRINKING fuming yellow potion.
  1822 | D:3      | 1822 ||| DRINKING 2 orange potions.
  1827 | D:3      | Paralysed by Grinder for 5 turns
  1842 | D:3      | Killed Grinder
  1843 | D:3      | Reached skill level 9 in Ranged Weapons
  1843 | D:3      | Reached XP level 5. HP: 22/29 MP: 7/7
  1843 | D:3      | Reached XP level 6. HP: 27/34 MP: 8/8
  1846 | D:3      | Killed Ijyb
  2158 | D:3      | Reached skill level 3 in Dodging
  2189 | D:3      | Found a faded altar of an unknown god.
  2419 | D:3      | 2419 ||| UPGRADING to +0 ring mail.
  2429 | D:3      | 2429 ||| DROPPING +0 leather armour.
  2430 | D:3      | 2430 ||| UPGRADING to +0 helmet.
  2435 | D:3      | 2435 ||| UPGRADING to +6 ring of strength.
  2436 | D:3      | 2436 ||| READING scroll labelled ZIFFYN TUDI.
  2438 | D:3      | 2438 ||| Stepping ~*~*~tactically~*~*~ (cloud).
  2541 | D:4      | Found Uxteumyg's Antique Weapon Shoppe.
  2544 | D:4      | 2544 ||| BUYING orcbow (91 gold).
  2544 | D:4      | Bought an orcbow for 91 gold pieces
  2544 | D:4      | 2544 ||| SWAPPING to +0 orcbow.
  2545 | D:4      | 2545 ||| DROPPING +1 shortbow.
  2549 | D:4      | Found Sesostri's Book Emporium.
  2846 | D:4      | Found Muttebba's Distillery.
  2854 | D:4      | 2854 ||| BUYING potion of curing (42 gold).
  2854 | D:4      | Bought a potion of curing for 42 gold pieces
  2854 | D:4      | 2854 ||| SHOPLISTING potion of haste (140 gold, have 12).
  2854 | D:4      | 2854 ||| SHOPLISTING potion of might (56 gold, have 12).
  2895 | D:4      | Found Zuorib's Magic Scroll Boutique.
  2904 | D:4      | 2904 ||| SHOPLISTING scroll of enchant armour (105 gold,
                  | have 12).
  2904 | D:4      | 2904 ||| SHOPLISTING scroll of identify (28 gold, have 12).
  2904 | D:4      | 2904 ||| SHOPLISTING scroll of teleportation (42 gold, have
                  | 12).
  2915 | D:4      | Reached skill level 1 in Armour
  2964 | D:4      | Found Oxavuado's Distillery.
  2973 | D:4      | 2973 ||| SHOPLISTING 2 potions of haste (260 gold, have
                  | 12).
  2973 | D:4      | 2973 ||| SHOPLISTING potion of curing (39 gold, have 12).
  2973 | D:4      | 2973 ||| SHOPLISTING potion of heal wounds (65 gold, have
                  | 12).
  2973 | D:4      | 2973 ||| SHOPLISTING potion of might (52 gold, have 12).
  2973 | D:4      | 2973 ||| SHOPLISTING potion of mutation (104 gold, have
                  | 12).
  3087 | D:4      | 3087 ||| READING scroll of enchant weapon.
  3087 | D:4      | 3087 ||| ENCHANTING +0 orcbow.
  3289 | D:4      | 3289 ||| UPGRADING to +4 ring of protection.
  3290 | D:4      | 3290 ||| READING 2 scrolls of identify.
  3290 | D:4      | 3290 ||| IDENTIFYING viscous purple potion
  3291 | D:4      | 3291 ||| READING scroll of identify.
  3291 | D:4      | 3291 ||| IDENTIFYING scroll labelled SUKAUT LYRA
  3292 | D:4      | 3292 ||| DROPPING potion of brilliance.
  3293 | D:4      | 3293 ||| DROPPING scroll of fog.
  3304 | D:5      | Entered Level 5 of the Dungeon
  3305 | D:5      | 3305 ||| PLANNING OSSUARY
  3320 | D:5      | Reached skill level 10 in Ranged Weapons
  3326 | D:5      | Reached XP level 7. HP: 40/40 MP: 9/9
  3476 | D:5      | Reached skill level 11 in Ranged Weapons
  3489 | D:5      | HP: 3/40 [hobgoblin/+0 scythe (9)]
  3490 | D:5      | 3490 ||| READING 2 scrolls of teleportation.
  3491 | D:5      | 3491 ||| DRINKING potion of heal wounds.
  3824 | D:5      | Found a staircase to the Ecumenical Temple.
  3944 | D:5      | Found a sand-covered staircase.
  3945 | D:5      | 3945 ||| READING scroll labelled EDUTEE BOINOM.
  3945 | D:5      | 3945 ||| ENCHANTING +0 helmet.
  3952 | Ossuary  | Entered an ossuary
  4195 | Ossuary  | Reached skill level 12 in Ranged Weapons
  4195 | Ossuary  | Reached XP level 8. HP: 40/44 MP: 10/10
  4263 | Ossuary  | 4263 ||| RETREEEEATING.
  4265 | Ossuary  | 4265 ||| RETREEEEATING.
  4275 | Ossuary  | Reached skill level 3 in Fighting
  4306 | Ossuary  | 4306 ||| READING scroll of enchant weapon.
  4306 | Ossuary  | 4306 ||| ENCHANTING +1 orcbow.
  4442 | Ossuary  | Reached skill level 13 in Ranged Weapons
  4536 | Ossuary  | 4536 ||| UPGRADING to ring of see invisible.
  4538 | Ossuary  | 4538 ||| DROPPING +6 ring of intelligence.
  4539 | Ossuary  | 4539 ||| READING scroll of identify.
  4539 | Ossuary  | 4539 ||| IDENTIFYING glowing black potion
  4540 | Ossuary  | 4540 ||| READING 2 scrolls labelled MAGIAV JYVI.
  4541 | Ossuary  | 4541 ||| READING scroll labelled REZEADGH FOVUS.
  4542 | Ossuary  | 4542 ||| DRINKING 2 golden potions.
  4543 | Ossuary  | 4543 ||| DRINKING 2 potions of curing.
  4543 | Ossuary  | 4543 ||| (to cure confusion)
  4544 | Ossuary  | 4544 ||| DRINKING 4 clear potions.
  4545 | Ossuary  | 4545 ||| DROPPING potion of invisibility.
  4546 | Ossuary  | 4546 ||| DROPPING potion of ambrosia.
  4547 | Ossuary  | 4547 ||| DROPPING scroll of fear.
  4600 | D:5      | 4600 ||| PLANNING TEMPLE
  4626 | Temple   | Entered the Ecumenical Temple
  4627 | Temple   | 4627 ||| PLANNING OKAWARU WORSHIP
  4636 | Temple   | Became a worshipper of Warmaster Okawaru
  4637 | Temple   | 4637 ||| PLANNING D:1-11
  5023 | D:5      | Reached skill level 14 in Ranged Weapons
  5214 | D:6      | Reached XP level 9. HP: 50/50 MP: 11/11
  5525 | D:6      | Reached * piety under Okawaru
  5615 | D:6      | Reached skill level 1 in Invocations
  5903 | D:6      | Reached skill level 15 in Ranged Weapons
  6131 | D:6      | 6131 ||| UPGRADING to +0 pair of gloves.
  6136 | D:6      | 6136 ||| READING scroll labelled QYUSSOUMOU.
  6220 | D:6      | 6220 ||| READING scroll labelled ECAPON KUBUS.
  6221 | D:6      | 6221 ||| DROPPING wand of flame (18).
  6274 | D:7      | 6274 ||| READING scroll of enchant armour.
  6274 | D:7      | 6274 ||| ENCHANTING +0 pair of gloves.
  6305 | D:7      | Reached skill level 3 in Invocations
  6392 | D:7      | Found Doaf's Magic Scroll Shoppe.
  6397 | D:7      | 6397 ||| BUYING scroll of identify (22 gold).
  6397 | D:7      | Bought a scroll of identify for 22 gold pieces
  6397 | D:7      | 6397 ||| BUYING scroll of identify (22 gold).
  6397 | D:7      | Bought a scroll of identify for 22 gold pieces
  6397 | D:7      | 6397 ||| BUYING scroll of identify (22 gold).
  6397 | D:7      | Bought a scroll of identify for 22 gold pieces
  6397 | D:7      | 6397 ||| BUYING scroll of identify (22 gold).
  6397 | D:7      | Bought a scroll of identify for 22 gold pieces
  6610 | D:7      | Reached ** piety under Okawaru
  6717 | D:7      | 6717 ||| Stepping ~*~*~tactically~*~*~ (cloud).
  6722 | D:7      | 6722 ||| Stepping ~*~*~tactically~*~*~ (cloud).
  7078 | D:7      | 7078 ||| READING 6 scrolls of identify.
  7078 | D:7      | 7078 ||| IDENTIFYING murky cyan potion
  7079 | D:7      | 7079 ||| READING 5 scrolls of identify.
  7079 | D:7      | 7079 ||| IDENTIFYING fuming golden potion
  7080 | D:7      | 7080 ||| READING 4 scrolls of identify.
  7080 | D:7      | 7080 ||| IDENTIFYING black potion
  7081 | D:7      | 7081 ||| DROPPING potion of degeneration.
  7100 | D:8      | 7100 ||| RETREEEEATING.
  7100 | D:8      | Noticed a two-headed ogre
  7101 | D:8      | 7101 ||| RETREEEEATING.
  7102 | D:8      | 7102 ||| RETREEEEATING.
  7103 | D:8      | 7103 ||| RETREEEEATING.
  7104 | D:8      | 7104 ||| INVOKING Heroism.
  7105 | D:8      | 7105 ||| RETREEEEATING.
  7108 | D:8      | HP: 13/52 [steam dragon (1)]
  7109 | D:8      | 7109 ||| READING scroll of teleportation.
  7110 | D:8      | 7110 ||| DRINKING 3 potions of heal wounds.
  7115 | D:8      | 7115 ||| RETREEEEATING.
  7116 | D:8      | 7116 ||| RETREEEEATING.
  7119 | D:8      | HP: 8/52 [two-headed ogre/+0 giant club (15)]
  7119 | D:8      | Mangled by an ice beast

Levels and vault maps discovered:
D:1:      dpeg_arrival_ternary, layout_basic, serial_shops, shop
D:2:      minmay_razor_zed, layout_basic, serial_bayou_pond_e
D:3:      layout_basic, shapermc_ecumenical_altar_hornbeckon, uniq_grinder,
          uniq_ijyb
D:4:      layout_cave_pods, serial_shops, shop, shop_scrolls, shop, shop, shop
D:5:      layout_basic, minmay_temple_entry_hall,
          nicolae_ossuary_entry_monument, hangedman_decor_points, sigmund_army
D:6:      layout_loops_cross, grunt_ministairs_12, kennysheep_generic_room_10
D:7:      layout_basic, serial_shops, shop
D:8:      layout_gridville, pf_just_have_faith
Temple:   nicolae_temple_bog_church

Skill      XL: |  1  2  3  4  5  6  7  8  9 |
---------------+----------------------------+-----
Ranged Weapons | 6 7 9 10 12 14 15 | 15.5
Dodging        | 3 4 5 |  5.2
Fighting       | 2 3 4 |  4.1
Armour         | 1 2 |  2.1
Invocations    | 4 |  4.0
Stealth        | |  1.2

Action                     |  1- 3 |  4- 6 |  7- 9 || total
---------------------------+-------+-------+-------++-------
   Fire: Shortbow          |    98 |   102 |       ||   200
         Orcbow            |       |    28 |   464 ||   492
 Invoke: Heroism           |       |       |     1 ||     1
    Use: Scroll            |     2 |     9 |    13 ||    24
         Potion            |       |     2 |     5 ||     7
 Armour: Leather armour    |    10 |     8 |       ||    18
         Skin              |       |    15 |       ||    15
         Ring mail         |       |     5 |   183 ||   188
  Dodge: Dodged            |    13 |    23 |   166 ||   202

Table legend:
 A = Non-vault XP
 B = Vault XP
 C = Vault XP percentage of total XP
 D = Non-vault monster count
 E = Vault monster count
 F = Vault count percentage of total count
                 A         B        C        D         E       F
            +---------+---------+-------+---------+---------+-------
      Total |    2975 |    1896 |  38.9 |     126 |      56 |  30.8
            +---------+---------+-------+---------+---------+-------
        D:1 |      29 |       0 |   0.0 |      19 |       0 |   0.0
        D:2 |      76 |      50 |  39.7 |      21 |      14 |  40.0
        D:3 |      32 |     316 |  90.8 |      13 |       2 |  13.3
        D:4 |      99 |       0 |   0.0 |       6 |       0 |   0.0
        D:5 |     738 |      50 |   6.3 |      20 |       6 |  23.1
        D:6 |     905 |     247 |  21.4 |      28 |       3 |   9.7
        D:7 |     986 |       0 |   0.0 |      18 |       0 |   0.0
        D:8 |     110 |       0 |   0.0 |       1 |       0 |   0.0
    Ossuary |       0 |    1233 | 100.0 |       0 |      31 | 100.0
            +---------+---------+-------+---------+---------+-------
